 Dungeon Crawl Stone Soup version 0.24.0-13-gcf9b319 (webtiles) character file.

Game seed: 4792347112348882900, levelgen mode: deterministic

998 Doobh the Stinger (level 8, -3/57 HPs)
             Began as a Demonspawn Venom Mage on Dec 30, 2019.
             Shot with an arrow by a centaur (10 damage)
             ... on level 6 of the Dungeon.
             The game lasted 00:28:23 (6456 turns).

Doobh the Stinger (Demonspawn Venom Mage)           Turns: 6456, Time: 00:28:24

Health: -3/57      AC: 11    Str:  8    XL:     8   Next: 0%
Magic:  5/14       EV: 12    Int: 20    God:
Gold:   297        SH:  0    Dex: 13    Spells: 14/15 levels left

rFire    x . .     SeeInvis .     - Unarmed
rCold    + . .     Gourm    .   (no shield)
rNeg     . . .     Faith    .   b - +0 leather armour
rPois    .         Spirit   .   x - +0 helmet
rElec    .         Reflect  .   (no cloak)
rCorr    .         Harm     .   (no gloves)
MR       +....                  n - +0 pair of boots (curse)
Stlth    +++.......             p - amulet of regeneration
HPRegen  0.59/turn              k - ring of ice
MPRegen  0.14/turn              r - ring of protection from magic

@: sanguine armour
A: nightstalker 1, sanguine armour 1
a: no special abilities


You were on level 6 of the Dungeon.
You were not hungry.

You visited 2 branches of the dungeon, and saw 7 of its levels.

You collected 297 gold pieces.

Inventory:

Missiles
 v - 11 poisoned darts (quivered)
Armour
 a - a +0 robe
 b - a +0 leather armour (worn)
 n - a cursed +0 pair of boots (worn)
 x - a +0 helmet (worn)
Jewellery
 h - an uncursed amulet of the acrobat
 k - a ring of ice (left hand)
 p - an amulet of regeneration (around neck)
 r - a ring of protection from magic (right hand)
Scrolls
 f - 3 scrolls of teleportation
 i - a scroll of immolation
 m - 3 scrolls of fog
 o - 2 scrolls of blinking
 s - 2 scrolls of enchant armour
 t - 2 scrolls of remove curse
 u - 2 scrolls of enchant weapon {unknown}
Potions
 d - a potion of might {unknown}
 e - a potion of invisibility {unknown}
 g - a potion of resistance {unknown}
 j - 4 potions of curing
 l - a potion of heal wounds {unknown}
 q - 2 potions of lignification
 w - a potion of agility {unknown}
 z - a potion of mutation {unknown}
Comestibles
 c - 8 rations
 A - 4 chunks of flesh


   Skills:
 + Level 2.5 Fighting
 * Level 3.6 Armour
 + Level 3.1 Dodging
 + Level 3.2 Stealth
 + Level 2.4 Unarmed Combat
 - Level 4.0 Spellcasting
 + Level 2.9 Conjurations
 + Level 4.1 Poison Magic


You had 14 spell levels left.
You knew the following spells:

 Your Spells              Type           Power        Failure   Level  Hunger
a - Sting                 Conj/Pois      ###.         4%          1    None

Your spell library contained the following spells:

 Spells                   Type           Power        Failure   Level  Hunger
 Poisonous Vapours        Pois/Air       ##....       12%         2    #......
 Mephitic Cloud           Conj/Pois/Air  ##......     21%         3    ###....
 Olgreb's Toxic Radiance  Pois           ###.....     32%         4    ####...
 Venom Bolt               Conj/Pois      ###.......   75%         5    ######.


Dungeon Overview and Level Annotations

Branches:
Dungeon (6/15)             Temple (1/1) D:4

Altars:
Ashenzari
Cheibriados
Dithmenos
Elyvilon
Gozag
Hepliaklqana
Kikubaaqudgha
Makhleb
Nemelex Xobeh
Okawaru
Qazlal
Ru
Uskayaw
Vehumet
Wu Jian
Xom
Yredelemnul
Zin

Annotations:
D:4 Grinder


Innate Abilities, Weirdness & Mutations

You are slightly more attuned to the shadows.
When seriously injured, your bleeding wounds create armour. (AC +6)


Message History

Confirm with . or Enter, or press ? or * to list all spells.
Aiming: Sting (safe; 4% risk of failure)
Press: ? - help, Shift-Dir - straight line, f/p - centaur
Aim: a centaur, wielding a +0 shortbow (severely wounded, poisoned)
The sting hits the centaur.
The centaur is severely wounded.
The centaur shoots an arrow.
The arrow hits you!
* * * LOW HITPOINT WARNING * * *
The centaur shoots an arrow.
The arrow hits you.
* * * LOW HITPOINT WARNING * * *
Casting: Sting (safe; 4% risk of failure)
Confirm with . or Enter, or press ? or * to list all spells.
Aiming: Sting (safe; 4% risk of failure)
Press: ? - help, Shift-Dir - straight line, f/p - centaur
Aim: a centaur, wielding a +0 shortbow (almost dead, poisoned)
The sting hits the centaur but does no damage.
The centaur looks even sicker.
The centaur is almost dead.
The centaur shoots an arrow.
The arrow hits you!
You die...

#÷#.# # #.#.#
#.#.# #.# #.#.#
###<# #.#.. ...#
#.##### #..#
#.....# #..######
#####.###...†.c..
#.....@# ########


You could see a centaur.

Vanquished Creatures
  An ice beast (D:6)
  A sky beast (D:5)
  2 ogres (D:5)
  A centaur (D:6)
  A scorpion (D:4)
  4 orc priests
  A centaur skeleton (D:6)
  A hound (D:6)
  4 orc wizards
  A worker ant (D:5)
  8 adders
  4 oozes (D:2)
  4 worms
  2 dart slugs
  3 leopard geckos
  14 orcs
  2 ball pythons (D:3)
  6 giant cockroaches
  4 goblins
  7 hobgoblins
  10 jackals
  10 kobolds
  3 quokkas
  3 bats
  5 frilled lizards
  9 rats
111 creatures vanquished.

Vanquished Creatures (others)
  4 fungi (D:2)
  9 toadstools (D:2)
13 creatures vanquished.

Grand Total: 124 creatures vanquished

Notes
Turn   | Place    | Note
-------+----------+-------------------------------------------
     0 | D:1      | Doobh the Demonspawn Venom Mage began the quest for the
                  | Orb.
     0 | D:1      | Reached XP level 1. HP: 13/13 MP: 3/3
   779 | D:1      | Gained mutation: When seriously injured, your bleeding
                  | wounds create armour. (AC +6) [demonic ancestry]
   779 | D:1      | Reached XP level 2. HP: 20/20 MP: 0/5
  1304 | D:2      | Reached skill level 1 in Armour
  1304 | D:2      | Reached XP level 3. HP: 10/25 MP: 6/6
  2045 | D:2      | Found an ancient bone altar of Kikubaaqudgha.
  2047 | D:2      | Found a glowing silver altar of Zin.
  2075 | D:2      | Found a white marble altar of Elyvilon.
  2599 | D:2      | Reached skill level 1 in Fighting
  2599 | D:2      | Reached XP level 4. HP: 27/32 MP: 0/7
  2797 | D:3      | Reached skill level 1 in Unarmed Combat
  3413 | D:3      | Gained mutation: You are slightly more attuned to the
                  | shadows. [demonic ancestry]
  3413 | D:3      | Reached XP level 5. HP: 34/37 MP: 1/9
  4099 | D:3      | Reached XP level 6. HP: 30/43 MP: 1/10
  4464 | D:4      | Found a staircase to the Ecumenical Temple.
  4472 | Temple   | Entered the Ecumenical Temple
  4607 | D:4      | Noticed Grinder
  4625 | D:4      | Paralysed by Grinder for 5 turns
  4804 | D:4      | Found an iron altar of Okawaru.
  4894 | D:5      | Entered Level 5 of the Dungeon
  5169 | D:5      | Noticed a sky beast
  5204 | D:5      | Killed a sky beast
  5204 | D:5      | Reached XP level 7. HP: 43/50 MP: 3/12
  5665 | D:5      | Found a stormy altar of Qazlal.
  6448 | D:6      | Reached XP level 8. HP: 55/57 MP: 9/14
  6456 | D:6      | Shot with an arrow by a centaur

Levels and vault maps discovered:
D:1:      dpeg_arrival_rooms_a, layout_basic
D:2:      cheibrodos_fertilizer, layout_basic, nicolae_overflow_crystal_walls,
          old_standard_altar, lemuel_crystal_altar
D:3:      layout_basic, grunt_ministairs_6
D:4:      layout_gridville, kennysheep_okawaru_gauntlet,
          minmay_temple_entry_poolview, uniq_grinder, uniq_crazy_yiuf_cottage
D:5:      layout_basic, first_ration, basic_altar
D:6:      layout_loops_ring, fedhas_bush_and_centaur_altar, serial_shops,
          nicolae_shop_overgrown_old_shop
Temple:   dshaligram_water_room_temple

Skill      XL: |  1  2  3  4  5  6  7 |
---------------+----------------------+-----
Dodging        | 2 3 |  3.1
Armour         | 1 2 3 |  3.6
Stealth        | 2 3 |  3.2
Fighting       | 1 2 |  2.5
Unarmed Combat | 1 2 |  2.4
Spellcasting   | 3 4 |  4.0
Conjurations   | 2 |  2.9
Poison Magic   | 4 |  4.1

Action                   |  1- 3 |  4- 6 |  7- 9 || total
-------------------------+-------+-------+-------++-------
Melee: Unarmed           |    81 |   105 |   127 ||   313
 Cast: Sting             |    76 |   156 |    60 ||   292
  Use: Scroll            |       |     6 |     3 ||     9
 Stab: Sleeping          |     1 |       |     1 ||     2
  Eat: Ration            |     1 |     1 |       ||     2
       Chunk             |     2 |     6 |     4 ||    12
Armor: Leather armour    |    24 |    33 |    51 ||   108
Dodge: Dodged            |    61 |    75 |    75 ||   211
